[Event "Titled Tuesday Blitz June 22 2021"]
[White "Smirnov, Pavel"]
[Black "Materia, Marco"]
[WhiteFideId "4123425"]
[BlackFideId "45150451"]
[WhiteElo "2584"]
[BlackElo "2651"]
[Result "1-0"]
[Round "06"]
[TimeControl "180+1"]
[Date "2021.06.22"]
[WhiteClock "0:00:44"]
[BlackClock "0:00:02"]

1. e4 c5 2. c3 d5 3. exd5 Qxd5 4. d4 Nf6 5. Nf3 e6 6. Na3 Be7 7. Nb5 Na6 8. Be2 O-O 9. O-O cxd4 10. c4 Qd8 11. Bf4 Bd7 12. Nfxd4 Qb6 13. Nb3 Bxb5 14. cxb5 Nb4 15. Be3 Qd8 16. Bd4 Nbd5 17. Bf3 Rc8 18. Qe2 Qc7 19. Rac1 Qb8 20. g3 Rxc1 21. Rxc1 Rc8 22. Rd1 h6 23. a4 Qc7 24. Be5 Qc4 25. Rc1 Qxc1+ 26. Nxc1 Rxc1+ 27. Kg2 Ra1 28. Qc2 Bf8 29. Qc8 Ne7 30. Qc4 b6 31. b3 Ra2 32. Bxf6 gxf6 33. Qc7 Nf5 34. Bh5 Ne7 35. Qxa7 Rc2 36. Qxb6 Nc8 37. Qb7 Nd6 38. Qa8 Nf5 39. Qb7 Nd6 40. Qd7 Kg7 41. b6 Rc5 42. b7 Rxh5 43. b8=Q Rf5 44. Qxf8+ Kxf8 45. Qxd6+ Kg7 46. h4 Ra5 47. Qb6 Ra8 48. a5 h5 49. a6 f5 50. a7 Kf6 51. Qb7 1-0


[Site "https://www.chess.com"]

[Event "Titled Tuesday Blitz June 22 2021"]
[White "Srihari L R"]
[Black "Lazavik, Denis"]
[WhiteFideId "46617116"]
[BlackFideId "13515110"]
[WhiteElo "2121"]
[BlackElo "2436"]
[Result "0-1"]
[Round "06"]
[TimeControl "180+1"]
[Date "2021.06.22"]
[WhiteClock "0:00:41"]
[BlackClock "0:01:10"]

1. c4 Nf6 2. Nc3 e6 3. e4 d5 4. cxd5 exd5 5. e5 Ne4 6. d4 Bb4 7. Qb3 c5 8. a3 Bxc3+ 9. bxc3 O-O 10. Nf3 Qa5 11. Bd2 Nxd2 12. Nxd2 cxd4 13. cxd4 Nc6 14. Qe3 Bf5 15. Bd3 Qc3 16. Bxf5 Qxa1+ 17. Bb1 Qxd4 18. Qh3 Qxe5+ 19. Kd1 g6 20. Re1 Qd4 21. Re3 Rfe8 22. Qd7 Rxe3 23. fxe3 Qxe3 24. Qxb7 Qg1+ 25. Kc2 Nd4+ 26. Kd3 Re8 0-1


[Site "https://www.chess.com"]

[Event "Titled Tuesday Blitz June 22 2021"]
[White "Tari, Aryan"]
[Black "Goganov, Aleksey"]
[WhiteFideId "1510045"]
[BlackFideId "24109959"]
[WhiteElo "2656"]
[BlackElo "2592"]
[Result "1-0"]
[Round "06"]
[TimeControl "180+1"]
[Date "2021.06.22"]
[WhiteClock "0:00:03"]
[BlackClock "0:00:05"]

1. e4 c5 2. Nc3 d6 3. f4 g6 4. Nf3 Bg7 5. Bb5+ Nc6 6. Bxc6+ bxc6 7. d3 Nf6 8. O-O O-O 9. h3 Rb8 10. Qe1 d5 11. e5 Ne8 12. Na4 c4 13. dxc4 dxc4 14. Be3 Be6 15. Rd1 Bd5 16. b3 Qc7 17. Nc5 Qc8 18. Qc3 cxb3 19. axb3 Nc7 20. Ra1 Bxf3 21. Rxf3 Nd5 22. Qe1 Qf5 23. Nd3 f6 24. Bxa7 Ra8 25. Bc5 fxe5 26. Rxa8 Rxa8 27. fxe5 Qd7 28. Qe4 Nc7 29. Kh2 Ne6 30. Be3 Ra1 31. Qg4 Qd5 32. Bf4 Nxf4 33. Qxf4 h5 34. Qg5 Qe6 35. Re3 Ra5 36. Nf4 Bxe5 37. b4 Rb5 38. c4 Qxc4 39. Rxe5 Rxe5 40. Qxe5 Qxb4 41. Nxg6 Kf7 42. Nf4 h4 43. Qh5+ Kf6 44. Qxh4+ Kf5 45. Qg4+ 1-0


[Site "https://www.chess.com"]

[Event "Titled Tuesday Blitz June 22 2021"]
[White "Vignesh, N R"]
[Black "Howell, David W L"]
[WhiteFideId "25012215"]
[BlackFideId "410608"]
[WhiteElo "2401"]
[BlackElo "2643"]
[Result "0-1"]
[Round "06"]
[TimeControl "180+1"]
[Date "2021.06.22"]
[WhiteClock "0:00:08"]
[BlackClock "0:00:10"]

1. d4 d5 2. Nf3 Nf6 3. e3 c5 4. b3 e6 5. Bd3 cxd4 6. exd4 Bb4+ 7. Bd2 Nc6 8. a3 Bxd2+ 9. Qxd2 O-O 10. O-O b6 11. Re1 Bb7 12. Qf4 Rc8 13. Nbd2 Ne7 14. Ne5 Ng6 15. Qe3 Rc7 16. f4 Ne7 17. g4 Qa8 18. a4 a5 19. c4 Rfc8 20. g5 Ne4 21. Nxe4 Nf5 22. Nf6+ gxf6 23. Bxf5 fxe5 24. Bc2 dxc4 25. Qxe5 cxb3 26. Bxb3 Bd5 27. Bxd5 Qxd5 28. Qxd5 exd5 29. Rab1 Rc4 30. Red1 R8c6 31. Rb5 Rd6 32. f5 h6 33. h4 hxg5 34. hxg5 Rxa4 35. Kf2 Ra3 36. Rdb1 Rd3 37. Rxb6 Rxb6 38. Rxb6 Rxd4 39. Ke3 Rg4 40. Rb5 Rxg5 41. Rxd5 a4 42. Ra5 Rg4 43. Ra6 Kg7 44. Kf3 Rb4 45. Ke3 Rb1 46. Rxa4 Kf6 47. Ra5 Rf1 48. Ke4 Rf2 49. Rb5 Kg5 50. Ra5 Rf4+ 51. Ke3 Rxf5 52. Ra4 Rf1 53. Ke2 Rf4 54. Ra8 f6 55. Rg8+ Kf5 56. Rg7 Ke4 57. Re7+ Kd4 58. Re8 Re4+ 59. Rxe4+ Kxe4 60. Kf2 Kf4 61. Kg2 Ke3 62. Kg3 f5 0-1


[Site "https://www.chess.com"]

[Event "Titled Tuesday Blitz June 22 2021"]
[White "Wong, Yinn Long"]
[Black "Jobava, Baadur"]
[WhiteFideId "5707684"]
[BlackFideId "13601520"]
[WhiteElo "2016"]
[BlackElo "2748"]
[Result "0-1"]
[Round "06"]
[TimeControl "180+1"]
[Date "2021.06.22"]
[WhiteClock "0:00:03"]
[BlackClock "0:00:11"]

1. e4 c5 2. Nf3 e6 3. g3 d6 4. Bg2 Nf6 5. Qe2 Nc6 6. O-O Be7 7. c3 O-O 8. Rd1 Bd7 9. d4 cxd4 10. cxd4 d5 11. e5 Ne4 12. Be3 Rc8 13. Ne1 f5 14. exf6 Bxf6 15. Bxe4 dxe4 16. Nc3 Qb6 17. d5 Nd4 18. Qd2 e5 19. Nxe4 Be7 20. Bxd4 exd4 21. Qxd4 Qg6 22. Nd3 Bh3 23. d6 Bd8 24. Rac1 Bb6 25. Qd5+ Be6 26. Qe5 Rce8 27. Nf4 Qg4 28. d7 Bxd7 29. Qd5+ Be6 30. Nxe6 Qxe6 31. Qxe6+ Rxe6 32. Rc4 Rfe8 33. Re1 Ba5 34. Re2 b5 35. Rd4 Bb6 36. Rb4 a5 37. Rxb5 Bd4 38. Rxa5 Rxe4 39. Rxe4 Rxe4 40. Rb5 Re2 41. Rb4 Bxf2+ 42. Kf1 Rc2 43. a4 Be3 44. Rb3 Bd4 45. Rb8+ Kf7 46. Rd8 Bf6 47. Rd7+ Ke6 48. Rb7 Rxb2 49. Ra7 Rxh2 50. a5 Rf2+ 51. Ke1 Ra2 52. Ra6+ Kf5 53. Ra8 Bc3+ 54. Kf1 Rxa5 0-1


[Site "https://www.chess.com"]

[Event "Titled Tuesday Blitz June 22 2021"]
[White "Zhigalko, Sergei"]
[Black "Wagner, Dennis"]
[WhiteFideId "13502956"]
[BlackFideId "24650684"]
[WhiteElo "2662"]
[BlackElo "2355"]
[Result "0-1"]
[Round "06"]
[TimeControl "180+1"]
[Date "2021.06.22"]
[WhiteClock "0:00:01"]
[BlackClock "0:00:22"]

1. e4 c5 2. Nf3 d6 3. d4 cxd4 4. Qxd4 Nf6 5. Nc3 Nc6 6. Bb5 Bd7 7. Bxc6 Bxc6 8. Bg5 e6 9. O-O-O Be7 10. Rhe1 O-O 11. Kb1 Qa5 12. Qd2 Rfc8 13. Nd4 b5 14. Nd5 Qxd2 15. Nxe7+ Kf8 16. Rxd2 Kxe7 17. f3 h6 18. Bh4 Bd7 19. e5 dxe5 20. Rxe5 g5 21. Bg3 Nh5 22. Nf5+ Kf6 23. Nxh6 Nxg3 24. Ng4+ Ke7 25. hxg3 f6 26. Re1 Rc7 27. Rh1 Rf8 28. b3 a5 29. Rh7+ Rf7 30. Rh8 Rf8 31. Rxf8 Kxf8 32. Nxf6 Bc6 33. Kb2 b4 34. Ng4 Ke7 35. Rd1 Bb5 36. Re1 Kd6 37. Rd1+ Ke7 38. Re1 Kd6 39. Kc1 Rc5 40. Ne3 a4 41. Kd2 a3 42. Rh1 Ke5 43. Rh8 Kf6 44. Rf8+ Ke7 45. Rb8 Kf6 46. Rb6 Ke7 47. g4 Kd7 48. Rb7+ Kd6 49. Rg7 Bc6 50. Rg6 Bb5 51. Nf5+ Ke5 52. Ne3 Kf4 53. Rf6+ Kg3 54. Rxe6 Kf2 55. Re7 Rc8 56. Re5 Bc6 57. Nc4 Rd8+ 58. Kc1 Kxg2 59. Rxg5 Bxf3 60. Nd2 Be2 61. Re5 Kf2 62. g5 Rh8 63. Ne4+ Ke3 64. Ng3+ Kf4 65. Rxe2 Kxg3 66. Re4 Kf3 67. Re7 Rg8 68. Rb7 Rxg5 0-1


[Site "https://www.chess.com"]

[Event "Titled Tuesday Blitz June 22 2021"]
[White "Zubov, Alexander"]
[Black "Onyshchuk, Volodymyr"]
[WhiteFideId "14109409"]
[BlackFideId "14114038"]
[WhiteElo "2740"]
[BlackElo "2603"]
[Result "1-0"]
[Round "06"]
[TimeControl "180+1"]
[Date "2021.06.22"]
[WhiteClock "0:00:05"]
[BlackClock "0:00:13"]

1. d4 d6 2. e4 Nf6 3. Bd3 e5 4. c3 Nc6 5. Nf3 g6 6. O-O Bg7 7. Re1 O-O 8. h3 a5 9. Na3 Re8 10. Nb5 h6 11. Be3 b6 12. dxe5 dxe5 13. Qc2 Qe7 14. Bc4 Bb7 15. a4 Red8 16. Rad1 Rxd1 17. Rxd1 Na7 18. Nd2 Nxb5 19. axb5 Rd8 20. Re1 Ne8 21. Bf1 Nd6 22. c4 Qe8 23. Rc1 Bf8 24. c5 bxc5 25. Bxc5 Nxb5 26. Bxf8 Kxf8 27. Qc5+ Nd6 28. Qxa5 Bxe4 29. Nxe4 Nxe4 30. Qb4+ Nd6 31. Rxc7 Kg7 32. Qc5 Qe6 33. b4 Ne4 34. Qe3 Nd2 35. Be2 Rd4 36. b5 Ne4 37. Rc6 Qa2 38. Bf3 Qb1+ 39. Kh2 Qb4 40. b6 h5 41. h4 Kh7 42. g3 Nd2 43. Bg2 e4 44. Qf4 Rd7 45. Rc7 Qd4 46. b7 Nf3+ 47. Bxf3 Qxf2+ 48. Bg2 1-0


[Site "https://www.chess.com"]

[Event "Titled Tuesday Blitz June 22 2021"]
[White "Avila Pavas, Santiago"]
[Black "SpeedofLight0"]
[WhiteFideId "4437128"]
[WhiteElo "2244"]
[BlackElo "2796"]
[Result "0-1"]
[Round "07"]
[TimeControl "180+1"]
[Date "2021.06.22"]
[WhiteClock "0:00:49"]
[BlackClock "0:01:01"]

1. d4 e6 2. Nf3 Nf6 3. g3 b6 4. Bg2 Bb7 5. c4 d5 6. O-O Nbd7 7. Nc3 a6 8. Ne5 Bd6 9. Bf4 O-O 10. Qa4 Qc8 11. Nxd7 Nxd7 12. Bxd6 cxd6 13. cxd5 b5 14. Qa3 Nf6 15. dxe6 Bxg2 16. Kxg2 Qxe6 17. Qb3 Qf5 18. Rac1 Rfe8 19. Qc2 Qe6 20. Qb3 Qf5 21. a3 h5 22. Qc2 Qe6 23. Qd3 h4 24. Rfe1 h3+ 25. Kg1 Rac8 26. d5 Qe5 27. f4 Qh5 28. e4 Rc4 29. b3 Rc5 30. Na2 Rxc1 31. Nxc1 Qg6 0-1


[Site "https://www.chess.com"]

[Event "Titled Tuesday Blitz June 22 2021"]
[White "Bortnyk, Olexandr"]
[Black "Smirnov, Pavel"]
[WhiteFideId "14120828"]
[BlackFideId "4123425"]
[WhiteElo "2723"]
[BlackElo "2584"]
[Result "1-0"]
[Round "07"]
[TimeControl "180+1"]
[Date "2021.06.22"]
[WhiteClock "0:01:58"]
[BlackClock "0:00:58"]

1. e4 e5 2. Bc4 Nf6 3. d3 Nc6 4. Nc3 Na5 5. Nge2 Nxc4 6. dxc4 d6 7. Qd3 Be7 8. Bg5 O-O 9. O-O c6 10. Rad1 Be6 11. b3 Ne8 12. Bxe7 Qxe7 13. f4 exf4 14. Nxf4 Bg4 15. Rde1 Qe5 16. h3 Bd7 17. Nce2 Rd8 18. Ng3 g6 19. Qf3 Ng7 20. Nd3 Qd4+ 21. Kh1 Ne6 22. e5 Ng5 23. Qf6 Ne6 24. Re4 Qc3 25. Nf5 gxf5 26. Rxf5 1-0


[Site "https://www.chess.com"]

[Event "Titled Tuesday Blitz June 22 2021"]
[White "Demchenko, Anton"]
[Black "Sarana, Alexey"]
[WhiteFideId "4160258"]
[BlackFideId "24133795"]
[WhiteElo "2593"]
[BlackElo "2629"]
[Result "0-1"]
[Round "07"]
[TimeControl "180+1"]
[Date "2021.06.22"]
[WhiteClock "0:00:02"]
[BlackClock "0:01:16"]

1. e4 c5 2. Nf3 d6 3. d4 cxd4 4. Nxd4 Nf6 5. Nc3 a6 6. Rg1 e5 7. Nb3 Be6 8. g4 d5 9. exd5 Nxd5 10. Nxd5 Qxd5 11. Qxd5 Bxd5 12. Be3 Nc6 13. O-O-O O-O-O 14. Bb6 Rd6 15. Bc5 Rd7 16. g5 Be6 17. Rxd7 Bxd7 18. Bc4 Bxc5 19. Nxc5 Rf8 20. Bd5 Kc7 21. Re1 f6 22. gxf6 Rxf6 23. Nxd7 Kxd7 24. Bxc6+ Kxc6 25. Rxe5 Rxf2 26. Re7 Rg2 27. h4 h5 28. a4 Rg4 29. b3 g6 30. Rg7 b5 31. axb5+ axb5 32. c3 Kd5 33. Kb2 Ke6 34. Ka3 Kf6 35. Rb7 Rxh4 36. Rb6+ Kf7 37. Rxb5 Re4 38. b4 h4 39. Rg5 h3 40. Rg1 h2 41. Rh1 Rh4 42. b5 Ke7 43. c4 g5 44. c5 g4 45. c6 g3 46. c7 Kd7 47. Rc1 Rh8 48. b6 Kc8 49. Kb4 g2 50. Ra1 h1=Q 51. Ra8+ Kb7 52. Rb8+ Rxb8 53. cxb8=Q+ Kxb8 0-1


[Site "https://www.chess.com"]

[Event "Titled Tuesday Blitz June 22 2021"]
[White "Donchenko, Alexander"]
[Black "Mortazavi, Ali"]
[WhiteFideId "24603295"]
[BlackFideId "401323"]
[WhiteElo "2553"]
[BlackElo "2339"]
[Result "1-0"]
[Round "07"]
[TimeControl "180+1"]
[Date "2021.06.22"]
[WhiteClock "0:00:38"]
[BlackClock "0:00:10"]

1. Nf3 Nf6 2. g3 g6 3. Bg2 Bg7 4. O-O O-O 5. d4 d6 6. b3 a5 7. a4 Nc6 8. Bb2 Bf5 9. Nbd2 Qd7 10. d5 Nb4 11. c4 Bh3 12. e4 Bg4 13. Qe2 e5 14. dxe6 fxe6 15. Rac1 e5 16. c5 Nh5 17. cxd6 cxd6 18. Ba3 Kh8 19. Qb5 Qe7 20. Bxb4 axb4 21. Qxb4 Rf7 22. h3 Be6 23. Nc4 Bxc4 24. Qxc4 Raf8 25. Rc3 Bh6 26. a5 Nf6 27. b4 Nd7 28. Qc7 Qe6 29. Rd1 Nc5 30. Qb6 Nxe4 31. Rcd3 d5 32. Qxe6 1-0


[Site "https://www.chess.com"]

[Event "Titled Tuesday Blitz June 22 2021"]
[White "Dubov, Daniil"]
[Black "Perez Ponsa, Federico"]
[WhiteFideId "24126055"]
[BlackFideId "117927"]
[WhiteElo "2722"]
[BlackElo "2672"]
[Result "1-0"]
[Round "07"]
[TimeControl "180+1"]
[Date "2021.06.22"]
[WhiteClock "0:00:58"]
[BlackClock "0:00:45"]

1. d4 Nf6 2. c4 e6 3. Nf3 d5 4. g3 Bb4+ 5. Nbd2 O-O 6. Bg2 dxc4 7. Qc2 a5 8. a3 Bxd2+ 9. Bxd2 b5 10. a4 c6 11. h4 Qd5 12. h5 Qe4 13. Qc1 Qf5 14. h6 g6 15. Nh4 Qg4 16. axb5 Bb7 17. Bf4 Qh5 18. Bg5 Nbd7 19. Nf5 Qg4 20. Ne7+ Kh8 21. Rh4 1-0


[Site "https://www.chess.com"]

[Event "Titled Tuesday Blitz June 22 2021"]
[White "Goganov, Aleksey"]
[Black "Liang, Jason"]
[WhiteFideId "24109959"]
[BlackFideId "30940303"]
[WhiteElo "2592"]
[BlackElo "1976"]
[Result "1/2-1/2"]
[Round "07"]
[TimeControl "180+1"]
[Date "2021.06.22"]
[WhiteClock "0:01:31"]
[BlackClock "0:00:20"]

1. d4 Nf6 2. c4 e6 3. Nf3 d5 4. g3 Be7 5. Bg2 O-O 6. O-O dxc4 7. Qa4 a6 8. Qxc4 b5 9. Qc2 Bb7 10. Bd2 Be4 11. Qc1 Nc6 12. Be3 Nb4 13. Nbd2 Bb7 14. Nb3 Rc8 15. Nc5 Bxc5 16. Qxc5 Qd6 17. Rfc1 Ne4 18. Qh5 Nd5 19. Ng5 Nef6 20. Qh4 Nxe3 21. Bxb7 Nf5 22. Qf4 Qxf4 23. gxf4 Rb8 24. Rxc7 Ne8 25. Rd7 Nf6 26. Rc7 Ne8 27. Rd7 Nf6 28. Rc7 1/2-1/2


[Site "https://www.chess.com"]

[Event "Titled Tuesday Blitz June 22 2021"]
[White "Hansen, Eric"]
[Black "Cardoso Cardoso, Jose Gabriel"]
[WhiteFideId "2606771"]
[BlackFideId "4430492"]
[WhiteElo "2568"]
[BlackElo "2343"]
[Result "1-0"]
[Round "07"]
[TimeControl "180+1"]
[Date "2021.06.22"]
[WhiteClock "0:00:04"]
[BlackClock "0:00:02"]

1. b3 e5 2. Bb2 Nc6 3. e3 Nf6 4. Bb5 Bd6 5. Na3 e4 6. Nc4 Bc5 7. Bxc6 dxc6 8. Ne2 Bf5 9. Ng3 Bg6 10. h4 h6 11. Qe2 Qe7 12. O-O-O O-O-O 13. f3 Kb8 14. Ne5 Bh7 15. Qc4 Bd6 16. f4 Nd5 17. Qe2 f6 18. Nc4 Bc5 19. h5 Rd7 20. Qg4 Rhd8 21. f5 Re8 22. Rh4 Red8 23. Qxe4 Qf7 24. d4 Bb4 25. a3 Bc3 26. Rd3 Re8 27. Qf3 Be1 28. e4 Nb6 29. Ne3 Rde7 30. Nef1 Bg8 31. Re3 Bxg3 32. Nxg3 Rd7 33. Rh1 Nc8 34. Rhe1 c5 35. e5 Qf8 36. e6 Rdd8 37. d5 Re7 38. c4 Nd6 39. Qf4 Qe8 40. a4 b6 41. Bc3 a5 42. Kb2 Bh7 43. Rf1 Rc8 44. Qg4 Rd8 45. Rd3 Qg8 46. Rfd1 Qe8 47. Bd2 Kb7 48. Bf4 Qf8 49. Bxd6 cxd6 50. Ne4 Qe8 51. Qf4 Kc7 52. Rh1 Qf8 53. Rg3 Qe8 54. Nc3 Kb7 55. Nb5 Qf8 56. Nxd6+ Ka6 57. Nb5 Rb7 58. d6 Qe8 59. d7 Qe7 60. Rd1 Bg8 61. Qd6 Rdxd7 62. Qxd7 Rxd7 63. Rxd7 Qe8 64. Ra7# 1-0


[Site "https://www.chess.com"]

[Event "Titled Tuesday Blitz June 22 2021"]
[White "Howell, David W L"]
[Black "Kamsky, Gata"]
[WhiteFideId "410608"]
[BlackFideId "2000024"]
[WhiteElo "2643"]
[BlackElo "2644"]
[Result "1/2-1/2"]
[Round "07"]
[TimeControl "180+1"]
[Date "2021.06.22"]
[WhiteClock "0:00:08"]
[BlackClock "0:00:15"]

1. e4 c5 2. Nf3 e6 3. b3 b6 4. Bb2 Bb7 5. Qe2 Nf6 6. Nc3 Nc6 7. O-O-O Be7 8. d4 cxd4 9. Nxd4 Qc7 10. Kb1 a6 11. f3 Nxd4 12. Rxd4 b5 13. g4 O-O 14. g5 Nh5 15. Qd2 Rad8 16. Be2 b4 17. Na4 a5 18. Rd1 Bc6 19. h4 f6 20. Rg1 Qf4 21. Qe1 Bxa4 22. bxa4 Bc5 23. Rg4 Qe3 24. Rd3 Qf2 25. Qxf2 Bxf2 26. gxf6 Nxf6 27. Rg5 d5 28. e5 Nd7 29. h5 Nc5 30. Rd1 Nxa4 31. Rg4 Nc3+ 32. Bxc3 bxc3 33. Ra4 Rb8+ 34. Ka1 Rb2 35. Bd3 Bb6 36. Rf1 Rb4 37. Rxb4 axb4 38. f4 Be3 39. f5 Bd4 40. Kb1 exf5 41. Bxf5 Re8 42. e6 Bf6 43. Rd1 d4 44. a3 bxa3 45. Ka2 Rb8 46. Kxa3 Kf8 47. Ka4 Ke7 48. Bxh7 Kxe6 49. Bd3 Kd6 50. Re1 Rc8 51. Kb5 Rc5+ 52. Kb6 Re5 53. Rxe5 Kxe5 54. Kc5 Bg5 55. Kc4 Bh6 56. Bg6 Bg5 57. Kd3 Bh6 58. Ke2 Bg5 59. Kd3 Bh6 60. Ke2 Bg5 61. Kd3 1/2-1/2


[Site "https://www.chess.com"]

[Event "Titled Tuesday Blitz June 22 2021"]
[White "Indjic, Aleksandar"]
[Black "Firat, Burak"]
[WhiteFideId "911925"]
[BlackFideId "6305881"]
[WhiteElo "2643"]
[BlackElo "2531"]
[Result "0-1"]
[Round "07"]
[TimeControl "180+1"]
[Date "2021.06.22"]
[WhiteClock "0:00:37"]
[BlackClock "0:00:24"]

1. d4 Nf6 2. c4 e6 3. Nc3 Bb4 4. Qc2 b6 5. a3 Bxc3+ 6. Qxc3 Bb7 7. Nf3 Ne4 8. Qc2 O-O 9. b4 d6 10. Bb2 a5 11. b5 Nd7 12. e3 f5 13. Be2 Qe8 14. O-O Qg6 15. Ne1 Qh6 16. Bc1 e5 17. f3 Nef6 18. a4 e4 19. f4 g5 20. fxg5 Qxg5 21. g3 Kh8 22. Ng2 Ng4 23. Bxg4 Qxg4 24. Rf4 Qg5 25. Bb2 Rf7 26. Raf1 Raf8 27. g4 Kg8 28. h4 Qg6 29. h5 Qg5 30. Qf2 Bc8 31. gxf5 Nf6 32. Qh4 Rg7 33. h6 Qxg2# 0-1


[Site "https://www.chess.com"]

[Event "Titled Tuesday Blitz June 22 2021"]
[White "Izoria, Zviad"]
[Black "Real De Azua, Ernesto"]
[WhiteFideId "13601733"]
[BlackFideId "108154"]
[WhiteElo "2626"]
[BlackElo "2476"]
[Result "1-0"]
[Round "07"]
[TimeControl "180+1"]
[Date "2021.06.22"]
[WhiteClock "0:00:30"]
[BlackClock "0:00:03"]

1. Nf3 d5 2. e3 Nf6 3. c4 e6 4. b3 b6 5. Bb2 Bb7 6. Nc3 a6 7. g3 Bd6 8. Bg2 Nbd7 9. O-O O-O 10. Qc2 Re8 11. cxd5 exd5 12. Rac1 c5 13. d4 Rc8 14. dxc5 bxc5 15. Rfd1 Qe7 16. Nh4 Qe6 17. Nf3 h6 18. Qd3 Red8 19. Ne2 Ne4 20. Nf4 Bxf4 21. exf4 Qb6 22. Nh4 Re8 23. Nf5 d4 24. Re1 Ndf6 25. Re2 h5 26. Rce1 g6 27. Nh4 Bd5 28. Bxe4 Bxe4 29. Rxe4 Nxe4 30. Rxe4 Rxe4 31. Qxe4 c4 32. Bxd4 Qe6 33. Qxe6 fxe6 34. Nxg6 c3 35. Ne7+ 1-0


[Site "https://www.chess.com"]

[Event "Titled Tuesday Blitz June 22 2021"]
[White "Jobava, Baadur"]
[Black "Holt, Conrad"]
[WhiteFideId "13601520"]
[BlackFideId "2034387"]
[WhiteElo "2748"]
[BlackElo "2586"]
[Result "0-1"]
[Round "07"]
[TimeControl "180+1"]
[Date "2021.06.22"]
[WhiteClock "0:00:18"]
[BlackClock "0:00:42"]

1. d4 d5 2. Nc3 Nf6 3. Bf4 c6 4. e3 Bf5 5. f3 e6 6. g4 Bg6 7. h4 h6 8. h5 Bh7 9. Bd3 Bd6 10. Bxh7 Bxf4 11. exf4 Nxh7 12. Nge2 Nd7 13. Qd2 Nb6 14. b3 O-O 15. Nc1 c5 16. dxc5 Nd7 17. Nd3 Rc8 18. Na4 Qf6 19. O-O e5 20. fxe5 Nxe5 21. Nxe5 Qxe5 22. Rae1 Qg3+ 23. Qg2 Qf4 24. Qh2 Qf6 25. Qe5 Qh4 26. Kg2 f5 27. Rh1 Qg5 28. Qxd5+ Kh8 29. Qxb7 Qd2+ 30. Kf1 fxg4 31. Re2 Qd1+ 32. Kf2 Qxh1 33. Re3 Qh2+ 34. Ke1 g3 0-1


[Site "https://www.chess.com"]

[Event "Titled Tuesday Blitz June 22 2021"]
[White "Jones, Gawain C B"]
[Black "Maximov, Dmitry"]
[WhiteFideId "409561"]
[BlackFideId "14105659"]
[WhiteElo "2657"]
[BlackElo "2494"]
[Result "0-1"]
[Round "07"]
[TimeControl "180+1"]
[Date "2021.06.22"]
[WhiteClock "0:00:06"]
[BlackClock "0:00:18"]

1. g3 g6 2. Bg2 Bg7 3. Nf3 Nf6 4. c4 O-O 5. Nc3 d6 6. d4 Nbd7 7. O-O e5 8. h3 Re8 9. Be3 c6 10. dxe5 dxe5 11. Qc2 Qe7 12. Rfd1 Nb6 13. Nd2 Bf5 14. Qc1 h5 15. Nce4 Nbd7 16. Bg5 Qe6 17. Kh2 Nh7 18. Be3 Bf8 19. c5 Ndf6 20. Ng5 Nxg5 21. Bxg5 e4 22. Qc4 Nd5 23. Nb3 f6 24. Nd4 Qf7 25. Nxf5 gxf5 26. Bh4 Re5 27. e3 Kg7 28. b4 a6 29. a3 Rae8 30. Rd4 Qe6 31. Rad1 Be7 32. Bf1 Kf7 33. Be2 Rh8 34. R1d2 Kg6 35. Qc1 Bd8 36. Bc4 Bc7 37. Qd1 Rd8 38. Be2 Rh8 39. Bc4 Rd8 40. Kg1 Rd7 41. Be2 Rh7 42. Bc4 Rd7 43. a4 Rd8 44. Be2 Rh8 45. Bc4 Rd8 46. b5 axb5 47. axb5 Ba5 48. Be2 Bxd2 49. Bxh5+ Kh6 50. Rxd2 Nxe3 51. fxe3 Rxd2 52. Qxd2 Kxh5 53. Qd8 Qe7 54. Qh8+ Kg6 55. bxc6 bxc6 56. g4 fxg4 57. hxg4 Qf7 58. Kg2 Qg7 59. Qc8 Rxc5 60. Qe8+ Qf7 61. Qd8 Rc2+ 62. Kh3 Qe6 63. Qd1 Rc3 64. Qd4 Rd3 65. Qc5 Qd5 66. Qa7 Qb3 67. Bf2 Qc2 68. Kg3 Qe2 69. Qc7 Qf3+ 70. Kh4 Qxf2+ 71. Qg3 Qxg3+ 72. Kxg3 Rxe3+ 73. Kf4 Re2 74. g5 fxg5+ 75. Kg4 c5 76. Kg3 c4 77. Kh3 c3 78. Kg4 c2 79. Kg3 c1=Q 80. Kg4 Qg1+ 0-1


[Site "https://www.chess.com"]

[Event "Titled Tuesday Blitz June 22 2021"]
[White "Kollars, Dmitrij"]
[Black "Dobrov, Vladimir"]
[WhiteFideId "12909572"]
[BlackFideId "4136594"]
[WhiteElo "2576"]
[BlackElo "2614"]
[Result "1-0"]
[Round "07"]
[TimeControl "180+1"]
[Date "2021.06.22"]
[WhiteClock "0:00:03"]
[BlackClock "0:00:06"]

1. Nf3 d5 2. d4 Nf6 3. c4 c6 4. Nc3 e6 5. g3 Nbd7 6. Bg2 dxc4 7. a4 a5 8. O-O Be7 9. Nd2 Nb6 10. e3 c5 11. dxc5 Bxc5 12. Qe2 Qd3 13. Qxd3 cxd3 14. Rd1 Bd7 15. Bxb7 Rb8 16. Ba6 Bb4 17. Ndb1 Ke7 18. Bxd3 Rhc8 19. Bd2 Nc4 20. Bxc4 Rxc4 21. Be1 h5 22. Nd2 Rcc8 23. Nf3 Bc6 24. Nd4 Ba8 25. Ncb5 Bxe1 26. Rxe1 h4 27. Rec1 Ne4 28. gxh4 g6 29. f3 Nd6 30. Nxd6 Kxd6 31. Nb5+ Ke5 32. Kf2 Rh8 33. Rc5+ Kf6 34. h5 gxh5 35. h4 Rbd8 36. Nd4 e5 37. Ne2 Rd2 38. Rxa5 Rxb2 39. Rd1 Rc8 40. Rd6+ Ke7 41. Rd1 f6 42. e4 Bc6 43. Rc1 Bd7 44. Rxc8 Bxc8 45. Ra7+ Kd6 46. a5 Kc5 47. Ke3 Be6 48. Ra6 Rb3+ 49. Kf2 Bc4 50. Ra8 Rb2 51. Rc8+ Kb4 52. Rb8+ Bb5 53. Kf1 Rb1+ 54. Kg2 Rb2 55. Kf1 Kxa5 56. Rxb5+ Kxb5 57. Kf2 Kc4 58. Ke3 Rb3+ 59. Kf2 Ra3 60. Ng3 Kd3 61. Nxh5 Ra2+ 62. Kg3 Ra6 63. Kg4 Ke3 64. Kg3 Rd6 65. Kg4 Rb6 66. Kg3 Rb8 67. Nxf6 Rf8 68. Ng4+ Kd4 69. h5 Rg8 70. h6 Rh8 71. Kh4 Rf8 72. Kg5 Rxf3 73. h7 Rf8 74. Nf6 Rh8 75. Kg6 Ke3 76. Kg7 1-0


[Site "https://www.chess.com"]

[Event "Titled Tuesday Blitz June 22 2021"]
[White "Korobov, Anton"]
[Black "Zubov, Alexander"]
[WhiteFideId "14105730"]
[BlackFideId "14109409"]
[WhiteElo "2668"]
[BlackElo "2740"]
[Result "1-0"]
[Round "07"]
[TimeControl "180+1"]
[Date "2021.06.22"]
[WhiteClock "0:00:26"]
[BlackClock "0:00:02"]

1. d4 Nf6 2. c4 c6 3. Nc3 d5 4. cxd5 cxd5 5. Bg5 Nc6 6. Bxf6 gxf6 7. e3 e6 8. Bd3 f5 9. f4 h5 10. Nf3 h4 11. O-O a6 12. Rc1 Bd7 13. Na4 b6 14. a3 Bd6 15. b4 f6 16. Nc3 Ne7 17. Qe1 Ng6 18. Qe2 a5 19. Nb5 Bxb5 20. Bxb5+ Kf7 21. Bc6 Ra7 22. bxa5 Bxa3 23. axb6 Qxb6 24. Rc2 Rb8 25. Nxh4 Nxh4 26. Qh5+ Kg7 27. Qxh4 Qb3 28. Re2 Rc7 29. Rf3 Qd1+ 30. Re1 Qd2 31. Rg3+ Kf8 32. Qxf6+ Rf7 33. Qh6+ Ke7 34. Rf1 Rb2 35. Qh8 1-0


[Site "https://www.chess.com"]

[Event "Titled Tuesday Blitz June 22 2021"]
[White "Lazavik, Denis"]
[Black "Hammer, Jon Ludvig"]
[WhiteFideId "13515110"]
[BlackFideId "1503707"]
[WhiteElo "2436"]
[BlackElo "2607"]
[Result "1/2-1/2"]
[Round "07"]
[TimeControl "180+1"]
[Date "2021.06.22"]
[WhiteClock "0:00:05"]
[BlackClock "0:00:10"]

1. d4 f5 2. Nc3 Nf6 3. Bg5 d5 4. e3 e6 5. Nf3 Be7 6. Bd3 O-O 7. Ne2 Ne4 8. Bxe7 Qxe7 9. O-O c5 10. c4 dxc4 11. Bxc4 Nd6 12. Rc1 Nxc4 13. Rxc4 Nd7 14. Qc2 b6 15. dxc5 bxc5 16. Rd1 Bb7 17. Ne1 Rac8 18. Rc3 Nf6 19. Qa4 Ne4 20. Rcc1 Bc6 21. Qa5 Bd5 22. Nf4 Ba8 23. Ned3 e5 24. Ne2 Rfd8 25. f3 Nf6 26. Ng3 e4 27. fxe4 Nxe4 28. Nxf5 Qg5 29. Nf4 Rxd1+ 30. Rxd1 Qxf5 31. Rd8+ Rxd8 32. Qxd8+ Qf8 33. Qd7 g5 34. Qe6+ Kh8 35. Qe5+ Kg8 36. Qe6+ Kh8 37. Qe5+ Kg8 38. Qe6+ 1/2-1/2


[Site "https://www.chess.com"]